 Dungeon Sprint DCSS version 0.27-a0-808-g60bc5d92e6 (webtiles) character file.

Game seed: 1658684150695223872

2403 mhtbhm the Basher (level 9, -7/102 HPs)
             Began as a Troll Berserker on Mar 29, 2021.
             Was a High Priest of Trog.
             Shot with an arrow by a centaur warrior (22 damage)
             ... in the Dungeon (Sprint IX: "|||||||||||||||||||||||||||||").
             The game lasted 00:00:58 (349 turns).

mhtbhm the Basher (Troll Berserker)                  Turns: 349, Time: 00:00:58

Health: -7/102     AC:  7    Str: 30    XL:     9   Next: 23%
Magic:  8/8        EV: 13    Int:  3    God:    Trog [*****.]
Gold:   0          SH:  0    Dex: 12    Spells: 8/8 levels left

rFire    . . .     SeeInvis .   a - +2 dire flail (protect)
rCold    . . .     Faith    .   (shield currently unavailable)
rNeg     . . .     Spirit   .   b - +0 animal skin
rPois    .         Reflect  .   (helmet restricted)
rElec    .         Harm     .   k - +0 cloak
rCorr    .         Rampage  .   (gloves unavailable)
Will     .....     NoTele   +   (boots unavailable)
Stlth    +.........             (no amulet)
HPRegen  1.27/turn              l - +2 ring of protection
MPRegen  0.11/turn              m - +3 ring of dexterity

@: berserk cooldown, slowed, very slow
A: large, unfitting armour, claws 3, regeneration 1, shaggy fur 1, tough skin 1
a: Renounce Religion, Berserk, Trog's Hand, Brothers in Arms


You were in the Dungeon.
You worshipped Trog.
Trog was extremely pleased with you.
You visited 1 branch

Inventory:

Hand Weapons
 a - a +2 dire flail of protection (weapon)
Missiles
 n - a curare-tipped dart
Armour
 b - a +0 animal skin (worn)
 k - a +0 cloak (worn)
Jewellery
 l - a +2 ring of protection (left claw)
 m - a +3 ring of dexterity (right claw)
Wands
 j - a wand of acid (8)
Scrolls
 h - 2 scrolls of blinking
Potions
 c - 5 potions of curing
 d - 2 potions of heal wounds
 e - a potion of haste
 f - 4 potions of magic
 g - a potion of berserk rage
 i - a potion of invisibility


   Skills:
 + Level 10.4 Fighting
 + Level 12.1 Maces & Flails
 + Level 10.2 Dodging
 + Level 0.9 Stealth


You had 8 spell levels left.
You didn't know any spells.
Your spell library was empty.

Dungeon Overview and Level Annotations

Branches:
Dungeon (1/1)

Altars:
Cheibriados
Dithmenos
Elyvilon
Fedhas
Gozag
Hepliaklqana
Kikubaaqudgha
Makhleb
Nemelex Xobeh
Okawaru
Qazlal
Ru
Sif Muna
Trog
Uskayaw
Vehumet
Wu Jian
Xom
Yredelemnul
Zin
The Shining One
Beogh
Jiyva
Lugonu


Innate Abilities, Weirdness & Mutations

You are too large for most types of armour.
You have claws for hands.
Your natural rate of healing is unusually fast.
You are covered in fur. (AC +1)
You have tough skin. (AC +1)


Message History

Your Dodging skill increases to level 10!
You have reached level 9!
Your experience leads to an increase in your attributes!
Your base attributes are Str 28, Int 3, Dex 9.
Increase (S)trength, (I)ntelligence, or (D)exterity?
You feel stronger. x2
Unknown command.
Your ogre goes berserk!
Trog will no longer gift you weapons.
The centaur warrior unwields a +0 longbow.
The centaur warrior hits your ogre! The centaur warrior kicks your ogre.
The centaur warrior barely misses your ogre.
The centaur warrior kicks your ogre.
Unknown command.
Unknown command.
The centaur warrior wields a +0 longbow.
The centaur warrior shoots an arrow.
The arrow hits your ogre!!
Your ogre dies!
Your ogre's corpse disappears in a puff of smoke!
The centaur warrior shoots an arrow.
The arrow closely misses you.
Unknown command.
Aiming: Corrosive Bolt
Press: ? - help, Shift-Dir - straight line, f - centaur warrior
Aim: a centaur warrior, wielding a +0 longbow and quivering arrows (21% to evade)
The bolt of acid hits the centaur warrior!
The centaur warrior is splashed with acid!
The acid corrodes the centaur warrior!
The centaur warrior is moderately wounded.
The bolt of acid hits the six-headed hydra!
The six-headed hydra is splashed with acid.
The six-headed hydra is moderately wounded.
The bolt of acid hits the centaur!
The centaur is splashed with acid.
The centaur seems to be corroded for longer.
You kill the centaur!
Trog accepts your kill.
Trog will now gift you melee weapons as you gain piety.
The centaur warrior shoots an arrow.
The arrow hits you!
* * * LOW HITPOINT WARNING * * *
The centaur warrior shoots an arrow.
The arrow hits you!!
You die...

▓+▓
▓.▓
▓.▓
▓)▓
▓D▓
▓c▓
▓§▓
▓@▓
▓.▓
▓.▓
▓.▓
▓.▓
▓)▓
▓)▓
▓)▓
▓.▓


You could see a six-headed hydra (corroded) and a centaur warrior (corroded).

Vanquished Creatures
  A two-headed ogre (D)
  A cyclops (D)
  A troll (D)
  A yak (D)
  An acid dragon (D)
  2 centaurs (D)
  A kobold brigand (D)
  2 scorpions (D)
  A jelly (D)
  An adder (D)
  An endoplasm (D)
  A hobgoblin (D)
  A ball python zombie (D)
  A frilled lizard (D)
  2 kobolds (D)
  A quokka zombie (D)
19 creatures vanquished.

Vanquished Creatures (others)
  A boulder beetle (D)
1 creature vanquished.

Grand Total: 20 creatures vanquished

Notes
Turn   | Place    | Note
-------+----------+-------------------------------------------
     0 | D        | mhtbhm the Troll Berserker began the quest for the Orb.
     0 | D        | Reached XP level 1. HP: 22/22 MP: 0/0
    14 | D        | Reached ** piety under Trog
    15 | D        | Reached skill level 3 in Maces & Flails
   123 | D        | Noticed a scorpion
   123 | D        | Noticed a scorpion
   123 | D        | Noticed a jelly
   126 | D        | Killed a jelly
   127 | D        | Reached skill level 4 in Maces & Flails
   127 | D        | Reached XP level 2. HP: 32/32 MP: 1/1
   127 | D        | Reached XP level 3. HP: 39/39 MP: 2/2
   129 | D        | Reached *** piety under Trog
   134 | D        | Killed a scorpion
   135 | D        | Reached skill level 5 in Maces & Flails
   135 | D        | Reached XP level 4. HP: 46/49 MP: 3/3
   142 | D        | Reached skill level 5 in Fighting
   142 | D        | Reached skill level 5 in Dodging
   142 | D        | Reached XP level 5. HP: 31/57 MP: 4/4
   145 | D        | Found a snail-covered altar of Cheibriados.
   145 | D        | Found a shadowy altar of Dithmenos.
   145 | D        | Found a white marble altar of Elyvilon.
   145 | D        | Found a blossoming altar of Fedhas.
   145 | D        | Found an opulent altar of Gozag.
   146 | D        | Found a hazy altar of Hepliaklqana.
   147 | D        | Found a viscous altar of Jiyva.
   148 | D        | Found an ancient bone altar of Kikubaaqudgha.
   149 | D        | Found a corrupted altar of Lugonu.
   150 | D        | Found a burning altar of Makhleb.
   151 | D        | Found a sparkling altar of Nemelex Xobeh.
   152 | D        | Found an iron altar of Okawaru.
   153 | D        | Found a stormy altar of Qazlal.
   154 | D        | Found a sacrificial altar of Ru.
   155 | D        | Found a shimmering blue altar of Sif Muna.
   156 | D        | Found a bloodstained altar of Trog.
   157 | D        | Found a hide-covered altar of Uskayaw.
   158 | D        | Found a radiant altar of Vehumet.
   159 | D        | Found an ornate altar of the Wu Jian Council.
   160 | D        | Found a shimmering altar of Xom.
   161 | D        | Found a basalt altar of Yredelemnul.
   162 | D        | Found a glowing silver altar of Zin.
   163 | D        | Found a glowing golden altar of the Shining One.
   198 | D        | Noticed a centaur
   198 | D        | Noticed a two-headed ogre
   198 | D        | Noticed an acid dragon
   198 | D        | Noticed a yak
   202 | D        | Killed a yak
   202 | D        | Reached **** piety under Trog
   203 | D        | Reached skill level 7 in Maces & Flails
   203 | D        | Reached XP level 6. HP: 68/68 MP: 5/5
   213 | D        | Killed an acid dragon
   218 | D        | Killed a two-headed ogre
   219 | D        | Reached skill level 9 in Maces & Flails
   219 | D        | Reached XP level 7. HP: 72/81 MP: 6/6
   222 | D        | Reached ***** piety under Trog
   223 | D        | Reached skill level 10 in Maces & Flails
   223 | D        | Reached XP level 8. HP: 74/91 MP: 7/7
   323 | D        | Noticed a six-headed hydra
   323 | D        | Noticed a centaur warrior
   323 | D        | Noticed a boulder beetle
   323 | D        | Noticed a troll
   323 | D        | Noticed a cyclops
   327 | D        | Killed a cyclops
   337 | D        | Killed a troll
   338 | D        | Reached skill level 11 in Maces & Flails
   346 | D        | Killed a boulder beetle
   347 | D        | Reached skill level 10 in Fighting
   347 | D        | Reached skill level 12 in Maces & Flails
   347 | D        | Reached skill level 10 in Dodging
   347 | D        | Reached XP level 9. HP: 25/102 MP: 8/8
   349 | D        | Shot with an arrow by a centaur warrior

Illustrated notes

Levels and vault maps discovered:
D:        linesprint [early_d, line_temple, items_1, d_10, items_2, lair_1,
          lair_end, items_3, orc_1, orc_end, items_4, d_15, swamp_1, shoals_1,
          snake_1, spider_1, d_20, vaults_1, items_5, swamp_end, shoals_end,
          snake_end, spider_end, vaults_end, d_27, items_6, zot_1, zot_end,
          crypt_end, forest_end, elf_end, slime_end, tomb_end, abyss_end,
          pan_hell_end]

Skill      XL: |  1  2  3  4  5  6  7  8 |
---------------+-------------------------+-----
Maces & Flails | 4 5 7 9 10 12 | 12.1
Fighting       | 3 4 5 6 8 10 | 10.4
Dodging        | 3 4 5 6 8 10 | 10.2
Stealth        | |  0.9

Action                   |  1- 3 |  4- 6 |  7- 9 || total
-------------------------+-------+-------+-------++-------
Melee: Mace              |    21 |     6 |       ||    27
       Dire flail        |       |    19 |    26 ||    45
Invok: Berserk           |     1 |     1 |     1 ||     3
       Brothers in Arms  |       |       |     1 ||     1
Evoke: Wand              |       |       |     2 ||     2
  Use: Potion            |       |       |     1 ||     1
Armor: Animal skin       |     5 |     5 |     9 ||    19
Dodge: Dodged            |     7 |     7 |    11 ||    25

Table legend: (Time is in decaauts)
 A = Elapsed time spent in this place.
 B = Non-inter-level travel time spent in this place.
 C = Inter-level travel time spent in this place.
 D = Time resting spent in this place.
 E = Time spent auto-exploring this place.
 F = Levels seen in this place.
 G = Mean time per level.
                   A        B        C        D        E       F      G
               +--------+--------+--------+--------+--------+-----+--------+
         Total |    362 |    362 |      0 |    190 |      0 |   1 |  362.0 |
       Dungeon |    362 |    362 |      0 |    190 |      0 |   1 |  362.0 |
               +--------+--------+--------+--------+--------+-----+--------+

Top non-repeatable levels by time:
       D: 362 daAuts
